PBL
HAMILTON CARDINALS @ CANTON INDIANS
05/25/2049
 
TOP OF THE 1ST
Hamilton Cardinals batting - Pitching for Canton Indians : RHP Raul Rogel
Pitching: RHP Raul Rogel
Batting: RHB Kevin Kelly 0-0: Called Strike
0-1: Ball
1-1: Swinging Strike
1-2: Foul Ball, location: 2F
1-2: Ball
2-2: Ball
3-2: Strikes out looking
Batting: RHB Matt Shaw 0-0: Called Strike
0-1: Ball
1-1: Foul Ball, location: 2F
1-2: Strikes out swinging
Batting: LHB Doug Nebel 0-0: Called Strike
0-1: Foul Ball, location: 2F
0-2: Ball
1-2: Foul Ball, location: 2F
1-2: SINGLE (Groundball, 6MD, EV 104.4 MPH)
Batting: SHB Jae-hong Kym 0-0: Called Strike
0-1: Foul Ball, location: 2F
0-2: Strikes out swinging
Top of the 1st over - 0 runs, 1 hit, 0 errors, 1 left on base; Hamilton 0 - Canton 0
BOTTOM OF THE 1ST
Canton Indians batting - Pitching for Hamilton Cardinals : RHP Earl Follett
Pitching: RHP Earl Follett
Batting: RHB Nick Rainey 0-0: Ground out 5-3 (Groundball, 56S, EV 68.8 MPH)
Batting: RHB David Haas 0-0: Ball
1-0: Foul Ball, location: 2F
1-1: Swinging Strike
1-2: Foul Ball, location: 2F
1-2: Ball
2-2: Strikes out swinging
Batting: RHB Rob Marti 0-0: Ball
1-0: Ground out 1-3 (Groundball, P, EV 76.9 MPH)
Bottom of the 1st over - 0 runs, 0 hits, 0 errors, 0 left on base; Hamilton 0 - Canton 0
TOP OF THE 2ND
Hamilton Cardinals batting - Pitching for Canton Indians : RHP Raul Rogel
Batting: RHB Jason Hunt 0-0: Called Strike
0-1: Fly out, F7 (Line Drive, 7S, EV 112.5 MPH)
Batting: LHB Steven Higgs 0-0: Ball
1-0: Ball
2-0: Ball
3-0: Base on Balls
Batting: LHB Josh Levin 0-0: Called Strike
0-1: Ball
1-1: Swinging Strike
1-2: Strikes out swinging
Batting: RHB Kevin McGaughey 0-0: Ball
1-0: Swinging Strike
1-1: Swinging Strike
1-2: Ball
2-2: Strikes out swinging
Top of the 2nd over - 0 runs, 0 hits, 0 errors, 1 left on base; Hamilton 0 - Canton 0
BOTTOM OF THE 2ND
Canton Indians batting - Pitching for Hamilton Cardinals : RHP Earl Follett
Batting: LHB Jason Kessler 0-0: Called Strike
0-1: Swinging Strike
0-2: Ball
1-2: Strikes out looking
Batting: RHB Ryan Paquette 0-0: Ball
1-0: Reached on error, E5 (Groundball, 5, EV 89.4 MPH)
Batting: RHB Oscar Hernandez 0-0: Fly out, F3 (Popup, 23F, EV 90.6 MPH)
Batting: RHB Giuliano Giacoletti Jr. 0-0: Called Strike
0-1: Foul Ball, location: 2F
0-2: Ball
1-2: 2-RUN HOME RUN (Flyball, 7LD, EV 95.0 MPH), Distance : 342 ft
Batting: RHB Jesus Sanchez 0-0: Foul Ball, location: 2F
0-1: Ball
1-1: Foul Ball, location: 2F
1-2: Reached on error, E6 (Groundball, 6, EV 80.0 MPH)
Batting: SHB Jose Abreu 0-0: Ball
1-0: Foul Ball, location: 2F
1-1: Ball
Jesus Sanchez steals 2nd, throwing error, E2
Jesus Sanchez to third
2-1: Swinging Strike
2-2: Ground out 5-3 (Groundball, 25, EV 91.9 MPH)
Bottom of the 2nd over - 2 runs, 1 hit, 3 errors, 1 left on base; Hamilton 0 - Canton 2
TOP OF THE 3RD
Hamilton Cardinals batting - Pitching for Canton Indians : RHP Raul Rogel
Batting: RHB Oscar Higareda 0-0: Ball
1-0: Ball
2-0: Called Strike
2-1: Swinging Strike
2-2: Foul Ball, location: 2F
2-2: Foul Ball, location: 2F
2-2: Foul Ball, location: 2F
2-2: Foul Ball, location: 2F
2-2: Ground out 4-3 (Groundball, 4, EV 76.2 MPH)
Batting: RHB Kevin Kelly 0-0: Ball
1-0: Called Strike
1-1: Foul Ball, location: 2F
1-2: Strikes out looking
Batting: RHB Matt Shaw 0-0: SINGLE (Flyball, 6MD, EV 85.6 MPH) - OUT at second base trying to stretch hit.
Top of the 3rd over - 0 runs, 1 hit, 0 errors, 0 left on base; Hamilton 0 - Canton 2
BOTTOM OF THE 3RD
Canton Indians batting - Pitching for Hamilton Cardinals : RHP Earl Follett
Batting: RHB Nick Rainey 0-0: SINGLE (Groundball, 4M, EV 104.4 MPH) (infield hit)
Batting: RHB David Haas 0-0: Called Strike
0-1: Swinging Strike
0-2: Ball
1-2: Strikes out swinging
Batting: RHB Rob Marti 0-0: Foul Ball, location: 2F
0-1: Fielders Choice at 2nd, 6-4 (Groundball, 6, EV 91.9 MPH)
Batting: LHB Jason Kessler 0-0: Ball
1-0: Swinging Strike
1-1: Foul Ball, location: 2F
1-2: Ball
2-2: Strikes out swinging
Bottom of the 3rd over - 0 runs, 1 hit, 0 errors, 1 left on base; Hamilton 0 - Canton 2
TOP OF THE 4TH
Hamilton Cardinals batting - Pitching for Canton Indians : RHP Raul Rogel
Batting: LHB Doug Nebel 0-0: Ball
1-0: Swinging Strike
1-1: Foul Ball, location: 2F
1-2: Ball
2-2: Strikes out swinging, 2-3 out at first.
Batting: SHB Jae-hong Kym 0-0: Ball
1-0: Called Strike
1-1: Foul Ball, location: 2F
1-2: Ball
2-2: Ball
3-2: Strikes out swinging
Batting: RHB Jason Hunt 0-0: Ball
1-0: Foul Ball, location: 2F
1-1: Ball
2-1: Ball
3-1: Base on Balls
Batting: LHB Steven Higgs 0-0: Called Strike
0-1: Ball
1-1: Called Strike
1-2: Foul Ball, location: 2F
1-2: Strikes out swinging
Top of the 4th over - 0 runs, 0 hits, 0 errors, 1 left on base; Hamilton 0 - Canton 2
BOTTOM OF THE 4TH
Canton Indians batting - Pitching for Hamilton Cardinals : RHP Earl Follett
Batting: RHB Ryan Paquette 0-0: Called Strike
0-1: Foul Ball, location: 2F
0-2: Foul Ball, location: 2F
0-2: Foul Ball, location: 2F
0-2: Ball
1-2: Ball
2-2: Ball
3-2: Base on Balls
Batting: RHB Oscar Hernandez 0-0: Fly out, F3 (Popup, 3SF, EV 75.0 MPH)
Batting: RHB Giuliano Giacoletti Jr. 0-0: Fielders Choice at 2nd, 6-4 (Groundball, 6M, EV 94.4 MPH)
Batting: RHB Jesus Sanchez 0-0: Ball
Giuliano Giacoletti Jr. steals 2nd, throwing error, E2
Giuliano Giacoletti Jr. to third
1-0: Fly out, F7 (Flyball, 7D, EV 102.5 MPH)
Bottom of the 4th over - 0 runs, 0 hits, 1 error, 1 left on base; Hamilton 0 - Canton 2
TOP OF THE 5TH
Hamilton Cardinals batting - Pitching for Canton Indians : RHP Raul Rogel
Batting: LHB Josh Levin 0-0: Swinging Strike
0-1: SINGLE (Line Drive, 4D, EV 110.0 MPH)
Batting: RHB Kevin McGaughey 0-0: Called Strike
0-1: Swinging Strike
0-2: Fly out, F8 (Line Drive, 8RM, EV 93.8 MPH)
Batting: RHB Oscar Higareda 0-0: Hit by Pitch
Josh Levin to second
Batting: RHB Kevin Kelly 0-0: Ball
1-0: Hit by Pitch
Josh Levin to third
Oscar Higareda to second
Batting: RHB Matt Shaw 0-0: Ball
1-0: Called Strike
1-1: Called Strike
1-2: Fly out, F9 (Flyball, 9S, EV 77.5 MPH)
Pitching: RHP Sam Belcher
Batting: LHB Doug Nebel 0-0: Called Strike
0-1: Ball
1-1: SINGLE (Groundball, 34D, EV 97.5 MPH)
Josh Levin scores
Oscar Higareda to third
Kevin Kelly to second
Runner from 3rd tries for Home, SAFE, throw by RF to home
Batting: SHB Jae-hong Kym 0-0: Ball
1-0: Ball
2-0: Called Strike
2-1: Foul Ball, location: 2F
2-2: Strikes out swinging
Top of the 5th over - 2 runs, 2 hits, 0 errors, 2 left on base; Hamilton 2 - Canton 2
BOTTOM OF THE 5TH
Canton Indians batting - Pitching for Hamilton Cardinals : RHP Earl Follett
Batting: SHB Jose Abreu 0-0: Ball
1-0: Foul Ball, location: 2F
1-1: Ball
2-1: Called Strike
2-2: Strikes out looking
Batting: RHB Nick Rainey 0-0: Foul Ball, location: 2F
0-1: Foul Ball, location: 2F
0-2: Ball
1-2: SINGLE (Groundball, 23, EV 69.4 MPH) (infield hit)
Batting: RHB David Haas 0-0: Called Strike
0-1: Ball
1-1: Ball
2-1: Fly out, F9 (Flyball, 9LD, EV 108.8 MPH)
Batting: RHB Rob Marti 0-0: Ball
Nick Rainey steals 2nd base
1-0: Swinging Strike
1-1: Foul Ball, location: 2F
1-2: Ball
2-2: Ball
3-2: Foul Ball, location: 2F
3-2: Base on Balls
Batting: LHB Jason Kessler 0-0: Ball
1-0: Called Strike
1-1: Ground out 4-3 (Groundball, 4, EV 111.2 MPH)
Bottom of the 5th over - 0 runs, 1 hit, 0 errors, 2 left on base; Hamilton 2 - Canton 2
TOP OF THE 6TH
Hamilton Cardinals batting - Pitching for Canton Indians : RHP Sam Belcher
Batting: RHB Jason Hunt 0-0: Ground out 6-3 (Groundball, 6, EV 81.9 MPH)
Batting: LHB Steven Higgs 0-0: Ball
1-0: Ball
2-0: Ground out 4-3 (Groundball, 4, EV 92.5 MPH)
Batting: LHB Josh Levin 0-0: Foul Ball, location: 2F
0-1: Swinging Strike
0-2: Strikes out swinging
Top of the 6th over - 0 runs, 0 hits, 0 errors, 0 left on base; Hamilton 2 - Canton 2
BOTTOM OF THE 6TH
Canton Indians batting - Pitching for Hamilton Cardinals : RHP Earl Follett
Pitching: RHP Danny Freidman
Batting: RHB Ryan Paquette 0-0: Called Strike
0-1: Fly out, F8 (Flyball, 89M, EV 76.9 MPH)
Pinch Hitting: SHB Henri Chardon 0-0: Called Strike
0-1: Called Strike
0-2: Foul Ball, location: 2F
0-2: Ball
1-2: Foul Ball, location: 2F
1-2: Strikes out swinging
Pinch Hitting: LHB Dorian Oram 0-0: Foul Ball, location: 2F
0-1: Ball
1-1: Foul Ball, location: 2F
1-2: Ball
2-2: Ball
3-2: Foul Ball, location: 2F
3-2: Fly out, F3 (Line Drive, 3L, EV 67.5 MPH)
Bottom of the 6th over - 0 runs, 0 hits, 0 errors, 0 left on base; Hamilton 2 - Canton 2
TOP OF THE 7TH
Hamilton Cardinals batting - Pitching for Canton Indians : RHP Sam Belcher
Now at 2B: Joe Bauer
Now in RF: Mike Humfleet
Batting: RHB Kevin McGaughey 0-0: Ball
1-0: Swinging Strike
1-1: SOLO HOME RUN (Flyball, 9LD, EV 96.2 MPH), Distance : 340 ft
Batting: RHB Oscar Higareda 0-0: Swinging Strike
0-1: Ball
1-1: Foul Ball, location: 2F
1-2: Strikes out swinging
Batting: RHB Kevin Kelly 0-0: Ball
1-0: Ball
2-0: Fly out, F7 (Flyball, 7, EV 88.8 MPH)
Batting: RHB Matt Shaw 0-0: Foul Ball, location: 2F
0-1: Called Strike
0-2: DOUBLE (Line Drive, 89M, EV 111.2 MPH)
Batting: LHB Doug Nebel 0-0: Ball
1-0: Called Strike
1-1: Ball
2-1: Swinging Strike
2-2: Ball
3-2: Foul Ball, location: 2F
3-2: Foul Ball, location: 2F
3-2: Foul Ball, location: 2F
3-2: Fly out, F9 (Flyball, 9D, EV 87.5 MPH)
Top of the 7th over - 1 run, 2 hits, 0 errors, 1 left on base; Hamilton 3 - Canton 2
BOTTOM OF THE 7TH
Canton Indians batting - Pitching for Hamilton Cardinals : RHP Danny Freidman
Pinch Hitting: RHB Jose Lebron 0-0: Ball
1-0: Foul Ball, location: 2F
1-1: Called Strike
1-2: Foul Ball, location: 2F
1-2: Ground out 5-3 (Groundball, 5, EV 111.9 MPH)
Batting: SHB Jose Abreu 0-0: Fly out, F7 (Flyball, 7, EV 84.4 MPH)
Pitching: RHP Daniel Boulter
Pinch Hitting: RHB Manuel de los Santos 0-0: Called Strike
0-1: Ball
1-1: Fly out, F8 (Flyball, 8RD, EV 83.1 MPH)
Bottom of the 7th over - 0 runs, 0 hits, 0 errors, 0 left on base; Hamilton 3 - Canton 2
TOP OF THE 8TH
Hamilton Cardinals batting - Pitching for Canton Indians : RHP Sam Belcher
Now at SS: Manuel de los Santos
Now in LF: Aubrey Regimbald
Batting: SHB Jae-hong Kym 0-0: Fly out, F8 (Flyball, 8LD, EV 107.5 MPH)
Batting: RHB Jason Hunt 0-0: Called Strike
0-1: Ball
1-1: Ball
2-1: Ball
3-1: DOUBLE (Line Drive, 78D, EV 98.1 MPH)
Batting: LHB Steven Higgs 0-0: Intentional Walk
Pitching: LHP Sterling Peyton
Batting: LHB Josh Levin 0-0: Ball
1-0: Grounds into double play, 6-4-3 (Groundball, 6, EV 83.1 MPH)
Top of the 8th over - 0 runs, 1 hit, 0 errors, 1 left on base; Hamilton 3 - Canton 2
BOTTOM OF THE 8TH
Canton Indians batting - Pitching for Hamilton Cardinals : RHP Daniel Boulter
Batting: RHB David Haas 0-0: Ball
1-0: Ball
2-0: SINGLE (Line Drive, 56D, EV 103.1 MPH)
Batting: RHB Rob Marti 0-0: Ball
1-0: Foul Ball, location: 2F
1-1: Ball
2-1: Swinging Strike
2-2: Ball
3-2: DOUBLE (Flyball, 8RXD, EV 104.4 MPH)
David Haas to third
Batting: SHB Brad Larabel 0-0: Swinging Strike
0-1: Swinging Strike
0-2: Ball
1-2: Foul Ball, location: 2F
1-2: Foul Ball, location: 2F
1-2: Strikes out looking
Batting: RHB Ryan Paquette 0-0: Called Strike
0-1: Called Strike
0-2: Ball
1-2: Fly out, F7 (Flyball, 7, EV 83.8 MPH)
Batting: RHB Joe Bauer 0-0: Ball
1-0: Ball
2-0: Called Strike
2-1: Ball
3-1: Called Strike
3-2: Base on Balls
Batting: LHB Mike Humfleet 0-0: Foul Ball, location: 2F
0-1: Called Strike
0-2: Ball
1-2: Foul Ball, location: 2F
1-2: Strikes out swinging
Bottom of the 8th over - 0 runs, 2 hits, 0 errors, 3 left on base; Hamilton 3 - Canton 2
TOP OF THE 9TH
Hamilton Cardinals batting - Pitching for Canton Indians : LHP Sterling Peyton
Pinch Hitting: LHB Jonathan Barker 0-0: SINGLE (Flyball, 9S, EV 91.9 MPH)
Batting: RHB Oscar Higareda 0-0: Called Strike
0-1: Swinging Strike
0-2: Ball
1-2: Strikes out looking
Pitching: RHP Ryan Perkins
Batting: RHB Kevin Kelly 0-0: Ball
1-0: Foul Ball, location: 2F
1-1: Swinging Strike
1-2: SINGLE (Flyball, 8RS, EV 93.1 MPH)
Jonathan Barker to second
Runner from 2nd tries for 3rd, SAFE, throw by CF made to third
Batting: RHB Matt Shaw 0-0: Swinging Strike
0-1: Ball
1-1: Reached on error, E6 (Groundball, 6, EV 81.2 MPH)
Jonathan Barker scores
Kevin Kelly to second
Batting: LHB Doug Nebel 0-0: Ball
1-0: Called Strike
1-1: Foul Ball, location: 2F
1-2: Ball
2-2: 3-RUN HOME RUN (Flyball, 9D, EV 103.1 MPH), Distance : 384 ft
Batting: SHB Jae-hong Kym 0-0: Ball
1-0: Swinging Strike
1-1: Fly out, F8 (Flyball, 78M, EV 95.0 MPH)
Batting: RHB Jason Hunt 0-0: Ball
1-0: Foul Ball, location: 2F
1-1: Fly out, F4 (Popup, 4D, EV 45.0 MPH)
Top of the 9th over - 4 runs, 3 hits, 1 error, 0 left on base; Hamilton 7 - Canton 2
BOTTOM OF THE 9TH
Canton Indians batting - Pitching for Hamilton Cardinals : RHP Daniel Boulter
Now in LF: Jonathan Barker
Batting: RHB Aubrey Regimbald 0-0: Called Strike
0-1: Ball
1-1: Ball
2-1: Called Strike
2-2: Ground out 5-3 (Groundball, 56, EV 89.4 MPH)
Batting: SHB Jose Abreu 0-0: Foul Ball, location: 2F
0-1: Ball
1-1: Foul Ball, location: 2F
1-2: Hit by Pitch
Batting: RHB Manuel de los Santos 0-0: Ball
1-0: Foul Ball, location: 2F
1-1: Ball
2-1: Called Strike
2-2: Fly out, F8 (Flyball, 8LM, EV 84.4 MPH)
Pinch Hitting: LHB Chris Smithers 0-0: Ball
1-0: Foul Ball, location: 2F
1-1: Called Strike
1-2: Ball
2-2: Ball
3-2: Fly out, F9 (Flyball, 89D, EV 94.4 MPH)
Bottom of the 9th over - 0 runs, 0 hits, 0 errors, 1 left on base; Hamilton 7 - Canton 2
Sunday, July 16th , 2023 - OOTP Baseball 24.6 Build 69